Mustangs vs Little Stars
(R1)
Created - 3 novembre 2016 at 00:14
Goals
|
| Mustangs |
1 |
0 |
1 |
0 |
1 |
2 |
| Little Stars |
2 |
0 |
0 |
0 |
2 |
3 |
|
Shots
|
| Mustangs |
11 |
11 |
12 |
0 |
4 |
34 |
| Little Stars |
21 |
7 |
13 |
1 |
4 |
42 |
|
1st period
1. Mustangs , Riley Armstrong 3 (Eric Wellwood, Reilly Smith) at 5:11
2. Little Stars , Sean Avery 4 (Andrej Nestrasil, Danny DeKeiser) at 8:13
3. Little Stars , Andrej Nestrasil 2 (Sean Avery, Jared Spurgeon) at 12:47
Penalties :
Oscar Lindberg (Tex) for Interference (Minor) at 14:04
2nd period
No Goal
Penalties :
Andrej Nestrasil (Tex) for High sticking (Minor) at 5:46, Tom Kuhnhackl (Tex) for High sticking (Minor) at 11:09, Reilly Smith (Ham) for Hooking (Minor) at 12:02
3rd period
4. Mustangs , Ryan Keller 4 (Rick Schofield, Mark Pysyk) at 10:13 (PP)
Penalties :
Jesse Joensuu (Tex) for Interference (Minor) at 8:42, Andrej Nestrasil (Tex) for Hooking (Minor) at 10:43, Cameron Gaunce (Ham) for Roughing (Minor) at 10:47, Brandon Saad (Ham) for Elbowing (Minor) at 18:39
Overtime #1
No Goal
Penalties :
No Penalty
Shootout
Penalty Shot by Brandon Saad for Mustangs - Goal!
Penalty Shot by Sean Avery for Little Stars - Shot Misses the Net
Penalty Shot by Reilly Smith for Mustangs - Stopped by Peter Budaj
Penalty Shot by Marcus Johansson for Little Stars - Goal!
Penalty Shot by Marcus Foligno for Mustangs - Stopped by Peter Budaj
Penalty Shot by Hugh Jessiman for Little Stars - Stopped by Peter Mannino
Penalty Shot by Eric Wellwood for Mustangs - Stopped by Peter Budaj
Penalty Shot by Jesse Joensuu for Little Stars - Goal!
Penalties :
No Penalty
Goalie Stats
Peter Mannino (Ham), 40 saves from 42 shots - (0,952), OTL, 2-1-1, 65:00 minutes
Peter Budaj (Tex), 32 saves from 34 shots - (0,941), W, 2-2-0, 65:00 minutes
Players Stats for Mustangs
Player Name G A P +/- PIM S H SB GA TA FO MP PP MP PK MP
------------------------------------------------------------------------------------
Alexei Marchenko 0 0 0 0 0 0 0 1 0 1 0/0 22:45 1:59 0:55
Brandon Saad 0 0 0 0 2 2 2 0 1 0 0/1 13:40 0:05 0:03
Cameron Gaunce 0 0 0 0 2 1 2 1 0 1 0/0 27:11 4:26 1:54
Denis Bodrov 0 0 0 0 0 1 0 2 0 1 0/0 28:29 4:18 2:04
Eric Wellwood 0 1 1 0 0 3 0 1 0 0 3/5 22:26 3:27 1:48
J.T. Wyman 0 0 0 0 0 0 0 0 0 1 1/1 12:03 0:00 0:36
Jerome Samson 0 0 0 0 0 3 0 0 0 0 0/0 9:06 0:00 0:00
Jim O'Brien 0 0 0 0 0 2 2 2 0 1 2/6 12:27 0:00 0:30
Joe Finley 0 0 0 -1 0 0 0 2 0 0 0/0 13:57 0:00 0:00
Joshua Leivo 0 0 0 0 0 0 0 0 0 0 0/0 9:06 0:00 0:00
Marcus Foligno 0 0 0 -1 0 0 1 0 1 2 1/2 16:38 2:59 0:32
Mark Pysyk 0 1 1 0 0 1 2 0 2 0 0/0 22:26 1:59 0:51
Reilly Smith 0 1 1 0 2 9 1 0 1 0 1/1 20:51 3:26 0:00
Rick Schofield 0 1 1 -1 0 1 2 0 2 1 7/14 18:15 2:59 0:36
Riley Armstrong 1 0 1 0 0 3 0 2 1 0 15/26 22:35 3:22 1:08
Riley Nash 0 0 0 0 0 2 1 0 0 0 2/4 9:06 0:00 0:00
Ryan Keller 1 0 1 -1 0 5 3 0 0 0 1/1 17:39 2:59 0:00
Scott Mayfield 0 0 0 -1 0 1 6 0 0 1 0/0 15:20 0:09 0:08
Players Stats for Little Stars
Player Name G A P +/- PIM S H SB GA TA FO MP PP MP PK MP
------------------------------------------------------------------------------------
Alexander Vasyunov 0 0 0 0 0 0 0 0 0 0 0/0 2:17 0:23 0:00
Andrej Nestrasil 1 1 2 2 4 2 1 0 0 0 4/10 14:11 0:51 0:00
Conor Allen 0 0 0 0 0 2 1 1 0 0 0/0 5:38 0:00 0:00
Dana Tyrell 0 0 0 0 0 3 1 1 0 0 10/20 16:12 1:20 0:00
Danny DeKeiser 0 1 1 2 0 0 0 0 0 2 0/0 19:53 1:06 2:51
Hugh Jessiman 0 0 0 0 0 5 1 0 1 0 2/2 20:34 1:20 1:43
Jared Spurgeon 0 1 1 2 0 0 1 0 1 0 0/0 19:53 1:06 2:51
Jesse Joensuu 0 0 0 0 2 6 0 0 0 0 0/0 15:41 0:00 1:26
Jonathan Huberdeau 0 0 0 0 0 0 0 0 0 0 0/0 2:01 0:06 0:17
Justin Faulk 0 0 0 0 0 3 1 2 0 0 0/0 12:02 0:00 0:00
Marcus Johansson 0 0 0 0 0 3 1 2 2 1 1/2 23:32 0:51 4:12
Michael Mersch 0 0 0 0 0 0 0 0 1 0 0/0 2:16 0:00 1:03
Niklas Hjalmarsson 0 0 0 -1 0 1 0 1 2 1 0/0 27:10 1:11 3:35
Oscar Lindberg 0 0 0 -1 2 1 0 0 0 0 1/4 8:24 0:00 0:00
Petter Granberg 0 0 0 0 0 0 1 0 0 1 0/0 11:45 0:00 0:00
Raphael Diaz 0 0 0 -1 0 3 1 1 1 2 0/0 27:02 1:11 3:35
Robert Klinkhammer 0 0 0 -1 0 2 1 0 0 1 0/0 8:22 0:00 0:00
Scott Harrington 0 0 0 0 0 0 0 0 0 0 0/0 0:59 0:00 0:00
Sean Avery 1 1 2 2 0 7 0 0 1 0 7/15 21:41 1:03 4:11
T.J. Tynan 0 0 0 0 0 0 0 0 0 0 3/8 11:37 0:00 0:00
Tom Kuhnhackl 0 0 0 0 2 2 0 0 0 0 0/0 11:42 0:06 0:00
Ty Rattie 0 0 0 -1 0 0 1 0 0 0 0/0 8:22 0:00 0:00
Tyler Randell 0 0 0 2 0 2 2 1 0 0 0/0 13:36 0:51 0:00
Tyler Wotherspoon 0 0 0 0 0 0 1 0 0 0 0/0 5:38 0:00 0:00
3 Stars
1 - Sean Avery (Tex)
2 - Peter Mannino (Ham)
3 - Andrej Nestrasil (Tex)
Power Play
Mustangs - 1 on 5 Attempt(s) - 20,00%
Little Stars - 0 on 3 Attempt(s) - 0,00%
Penalty Kill
Mustangs - 3 on 3 Attempt(s) - 100,00%
- Score 0 goal in Penalty Kill
Little Stars - 4 on 5 Attempt(s) - 80,00%
- Score 0 goal in Penalty Kill
Team Stat
Mustangs - Hits : 22 - Faceoff Wins : 33 - Blocked Shots : 11 - Penalty Minutes : 6
Little Stars - Hits : 14 - Faceoff Wins : 28 - Blocked Shots : 9 - Penalty Minutes : 10
Official
Referees : L'Ecuyer Frederick and Ciamaga Chris
Linesman : Brian Mach and Brian Murphy
Game Notes
No Game Note
Finance
Level 1 -- Attendance: 1498 (74,90%) -- Ticket Income 52 430 $
Level 2 -- Attendance: 741 (74,10%) -- Ticket Income 11 115 $
Total Attendance: 2239 (74,63%)
Total Ticket Income: 63 545 $
Other Income: 3 177 $
Total Income: 66 722 $
Mustangs
5 vs 5 Forward
Center Left Wing Right Wing Time % Phy DF OF
1 Riley Armstrong Eric Wellwood Reilly Smith 40 0 2 3
2 Rick Schofield Marcus Foligno Ryan Keller 30 0 2 3
3 Jim O'Brien Brandon Saad J.T. Wyman 20 0 2 3
4 Riley Nash Joshua Leivo Jerome Samson 10 0 2 3
5 vs 5 Defense
Defense Defense Time % Phy DF OF
1 Denis Bodrov Cameron Gaunce 45 1 2 2
2 Alexei Marchenko Mark Pysyk 33 1 2 2
3 Joe Finley Scott Mayfield 22 1 2 2
4 Alexei Marchenko Scott Mayfield 0 1 2 2
PowerPlay Forward
Center Left Wing Right Wing Time % Phy DF OF
1 Riley Armstrong Eric Wellwood Reilly Smith 60 0 0 5
2 Rick Schofield Marcus Foligno Ryan Keller 40 0 0 5
PowerPlay Defense
Defense Defense Time % Phy DF OF
1 Denis Bodrov Cameron Gaunce 60 0 1 4
2 Alexei Marchenko Mark Pysyk 40 0 1 4
Penalty Kill 4 Players Forward
Center Wing Time % Phy DF OF
1 Riley Armstrong Eric Wellwood 60 0 5 0
2 Rick Schofield J.T. Wyman 40 0 5 0
Penalty Kill 4 Players Defense
Defense Defense Time % Phy DF OF
1 Denis Bodrov Cameron Gaunce 60 1 4 0
2 Alexei Marchenko Mark Pysyk 40 1 4 0
Penalty Kill - 3 Players Forward
Forward Time % Phy DF OF
1 Eric Wellwood 60 0 5 0
2 Riley Armstrong 40 0 5 0
Penalty Kill - 3 Players Defense
Defense Defense Time % Phy DF OF
1 Denis Bodrov Cameron Gaunce 60 1 4 0
2 Alexei Marchenko Mark Pysyk 40 1 4 0
4 vs 4 Forward
Center Wing Time % Phy DF OF
1 Riley Armstrong Reilly Smith 60 0 1 4
2 Rick Schofield Ryan Keller 40 0 1 4
4 vs 4 Defense
Defense Defense Time % Phy DF OF
1 Denis Bodrov Cameron Gaunce 60 0 2 3
2 Alexei Marchenko Mark Pysyk 40 0 2 3
Last Minutes Offensive
Center Left Wing Right Wing Defense Defense
Riley Armstrong Eric Wellwood Reilly Smith Denis Bodrov Cameron Gaunce
Last Minutes Defensive
Center Left Wing Right Wing Defense Defense
Riley Armstrong Marcus Foligno J.T. Wyman Denis Bodrov Cameron Gaunce
Goaltenders
Starting : Peter Mannino
Backup : Chet Pickard
Extra Forwards
Normal : Brandon Saad, Reilly Smith, Eric Wellwood - PP : Brandon Saad, Eric Wellwood - PK : Eric Wellwood
Extra Defensemen
Normal : Denis Bodrov, Mark Pysyk, Alexei Marchenko - PP : Cameron Gaunce - PK : Denis Bodrov, Mark Pysyk
Penalty Shots
Brandon Saad, Reilly Smith, Marcus Foligno, Eric Wellwood, Ryan Keller
Little Stars
5 vs 5 Forward
Center Left Wing Right Wing Time % Phy DF OF
1 Dana Tyrell Marcus Johansson Hugh Jessiman 40 1 2 2
2 Andrej Nestrasil Sean Avery Tyler Randell 30 1 2 2
3 T.J. Tynan Jesse Joensuu Tom Kuhnhackl 20 1 2 2
4 Oscar Lindberg Robert Klinkhammer Ty Rattie 10 1 2 2
5 vs 5 Defense
Defense Defense Time % Phy DF OF
1 Raphael Diaz Niklas Hjalmarsson 40 1 2 2
2 Jared Spurgeon Danny DeKeiser 30 1 2 2
3 Justin Faulk Petter Granberg 20 1 2 2
4 Conor Allen Tyler Wotherspoon 10 1 2 2
PowerPlay Forward
Center Left Wing Right Wing Time % Phy DF OF
1 Dana Tyrell Sean Avery Hugh Jessiman 60 1 2 2
2 Andrej Nestrasil Marcus Johansson Tyler Randell 40 1 2 2
PowerPlay Defense
Defense Defense Time % Phy DF OF
1 Raphael Diaz Niklas Hjalmarsson 60 1 2 2
2 Jared Spurgeon Danny DeKeiser 40 1 2 2
Penalty Kill 4 Players Forward
Center Wing Time % Phy DF OF
1 Sean Avery Marcus Johansson 60 1 2 2
2 Hugh Jessiman Jesse Joensuu 40 1 2 2
Penalty Kill 4 Players Defense
Defense Defense Time % Phy DF OF
1 Raphael Diaz Niklas Hjalmarsson 60 1 2 2
2 Jared Spurgeon Danny DeKeiser 40 1 2 2
Penalty Kill - 3 Players Forward
Forward Time % Phy DF OF
1 Sean Avery 60 1 2 2
2 Marcus Johansson 40 1 2 2
Penalty Kill - 3 Players Defense
Defense Defense Time % Phy DF OF
1 Raphael Diaz Niklas Hjalmarsson 60 1 2 2
2 Jared Spurgeon Danny DeKeiser 40 1 2 2
4 vs 4 Forward
Center Wing Time % Phy DF OF
1 Sean Avery Marcus Johansson 60 1 2 2
2 Hugh Jessiman Jesse Joensuu 40 1 2 2
4 vs 4 Defense
Defense Defense Time % Phy DF OF
1 Raphael Diaz Niklas Hjalmarsson 60 1 2 2
2 Jared Spurgeon Danny DeKeiser 40 1 2 2
Last Minutes Offensive
Center Left Wing Right Wing Defense Defense
Dana Tyrell Sean Avery Hugh Jessiman Raphael Diaz Niklas Hjalmarsson
Last Minutes Defensive
Center Left Wing Right Wing Defense Defense
Dana Tyrell Sean Avery Hugh Jessiman Raphael Diaz Niklas Hjalmarsson
Goaltenders
Starting : Peter Budaj
Backup : Ben Scrivens
Extra Forwards
Normal : Alexander Vasyunov, Jonathan Huberdeau, Michael Mersch - PP : Alexander Vasyunov, Jonathan Huberdeau - PK : Michael Mersch
Extra Defensemen
Normal : Scott Harrington, Justin Faulk, Petter Granberg - PP : Scott Harrington - PK : Justin Faulk, Petter Granberg
Penalty Shots
Sean Avery, Marcus Johansson, Hugh Jessiman, Jesse Joensuu, Dana Tyrell
% Time on Ice - Mustangs
Lines # - Real PCT - Wanted PCT - Time Play
Normal Forward
1 - 31% - 40% - 14:54
2 - 27% - 30% - 12:49
3 - 24% - 20% - 11:27
4 - 19% - 10% - 9:06
Normal Defense
1 - 39% - 45% - 18:47
2 - 33% - 33% - 15:47
3 - 28% - 22% - 13:21
4 - 1% - 0% - 0:21
PP Forward
1 - 54% - 60% - 3:27
2 - 46% - 40% - 2:59
PP Defense
1 - 69% - 60% - 4:27
2 - 31% - 40% - 1:59
PK Forward
1 - 74% - 60% - 1:41
2 - 26% - 40% - 0:36
PK Defense
1 - 66% - 60% - 1:31
2 - 34% - 40% - 0:46
PK3 Forward
1 - 100% - 60% - 0:39
2 - 0% - 40% - 0:00
PK3 Defense
1 - 87% - 60% - 0:34
2 - 13% - 40% - 0:05
44 Forward
1 - 75% - 60% - 5:31
2 - 25% - 40% - 1:51
44 Defense
1 - 55% - 60% - 4:02
2 - 45% - 40% - 3:20
Last Minute Offensive - 0:00
Last Minute Defensive - 0:00
Total
Forward - 65:00
Defense - 65:00
|
% Time on Ice - Little Stars
Lines # - Real PCT - Wanted PCT - Time Play
Normal Forward
1 - 31% - 40% - 14:55
2 - 28% - 30% - 13:22
3 - 24% - 20% - 11:37
4 - 17% - 10% - 8:22
Normal Defense
1 - 38% - 40% - 18:24
2 - 27% - 30% - 12:54
3 - 23% - 20% - 11:20
4 - 12% - 10% - 5:38
PP Forward
1 - 63% - 60% - 1:26
2 - 37% - 40% - 0:51
PP Defense
1 - 52% - 60% - 1:11
2 - 48% - 40% - 1:06
PK Forward
1 - 73% - 60% - 4:43
2 - 27% - 40% - 1:43
PK Defense
1 - 56% - 60% - 3:35
2 - 44% - 40% - 2:51
PK3 Forward
1 - 0% - 60%
2 - 0% - 40%
PK3 Defense
1 - 0% - 60%
2 - 0% - 40%
44 Forward
1 - 75% - 60% - 5:59
2 - 25% - 40% - 2:02
44 Defense
1 - 62% - 60% - 4:59
2 - 38% - 40% - 3:02
Last Minute Offensive - 0:00
Last Minute Defensive - 0:00
Total
Forward - 65:00
Defense - 65:00
|
Play by Play
1st period
0:01 of 1st period - Riley Armstrong wins face-off versus Dana Tyrell in neutral zone.
0:14 of 1st period - Snap shot by Reilly Smith.
0:14 of 1st period - Stopped by Peter Budaj without a rebound.
0:15 of 1st period - Rick Schofield wins face-off versus Andrej Nestrasil in Little Stars zone.
0:28 of 1st period - Snap shot by Ryan Keller.
0:28 of 1st period - Stopped by Peter Budaj with a rebound.
0:30 of 1st period - Slapshot by Mark Pysyk.
0:30 of 1st period - Stopped by Peter Budaj without a rebound.
0:31 of 1st period - T.J. Tynan wins face-off versus Jim O'Brien in Little Stars zone.
0:38 of 1st period - Wrist shot by Jesse Joensuu.
0:38 of 1st period - Stopped by Peter Mannino with a rebound.
0:56 of 1st period - Marcus Johansson is hit by Scott Mayfield and loses puck.
1:39 of 1st period - Ryan Keller is hit by Tyler Randell and loses puck.
1:48 of 1st period - Slapshot by Sean Avery.
1:48 of 1st period - Stopped by Peter Mannino with a rebound.
1:50 of 1st period - Slapshot by Jared Spurgeon.
1:50 of 1st period - Deflect By Andrej Nestrasil.
1:50 of 1st period - Shot Misses the Net.
1:50 of 1st period - Puck is out of play.
1:51 of 1st period - Riley Armstrong wins face-off versus Dana Tyrell in Mustangs zone.
2:22 of 1st period - Wrist shot by Jesse Joensuu.
2:22 of 1st period - Stopped by Peter Mannino without a rebound.
2:23 of 1st period - Andrej Nestrasil wins face-off versus Brandon Saad in Mustangs zone.
2:32 of 1st period - Wrist shot by Sean Avery.
2:32 of 1st period - Stopped by Peter Mannino without a rebound.
2:33 of 1st period - Andrej Nestrasil wins face-off versus Rick Schofield in Mustangs zone.
3:08 of 1st period - Snap shot by Marcus Johansson.
3:08 of 1st period - Deflect By Hugh Jessiman.
3:08 of 1st period - Stopped by Peter Mannino without a rebound.
3:09 of 1st period - Rick Schofield wins face-off versus T.J. Tynan in Mustangs zone.
3:20 of 1st period - Slapshot by Tom Kuhnhackl.
3:20 of 1st period - Shot Misses the Net.
3:22 of 1st period - Snap shot by Conor Allen.
3:22 of 1st period - Stopped by Peter Mannino without a rebound.
3:23 of 1st period - Dana Tyrell wins face-off versus Riley Armstrong in Mustangs zone.
3:30 of 1st period - Wrist shot by Hugh Jessiman.
3:30 of 1st period - Shot Blocked by Riley Armstrong.
3:32 of 1st period - Slapshot by Tyler Wotherspoon.
3:32 of 1st period - Shot Blocked by Joe Finley.
3:36 of 1st period - Snap shot by Dana Tyrell.
3:36 of 1st period - Shot Misses the Net.
3:38 of 1st period - Slapshot by Conor Allen.
3:38 of 1st period - Stopped by Peter Mannino with a rebound.
3:48 of 1st period - Tyler Randell is hit by Jim O'Brien and loses puck.
4:07 of 1st period - Slapshot by Rick Schofield.
4:07 of 1st period - Stopped by Peter Budaj without a rebound.
4:08 of 1st period - T.J. Tynan wins face-off versus Rick Schofield in Little Stars zone.
4:14 of 1st period - Icing by Danny DeKeiser.
4:15 of 1st period - Riley Armstrong wins face-off versus T.J. Tynan in Little Stars zone.
4:29 of 1st period - Slapshot by Reilly Smith.
4:29 of 1st period - Shot Misses the Net.
4:31 of 1st period - Slapshot by Denis Bodrov.
4:31 of 1st period - Stopped by Peter Budaj without a rebound.
4:32 of 1st period - Dana Tyrell wins face-off versus Riley Nash in Little Stars zone.
4:48 of 1st period - Snap shot by Marcus Johansson.
4:48 of 1st period - Shot Misses the Net.
5:11 of 1st period - Snap shot by Riley Armstrong.
5:11 of 1st period - Goal by Riley Armstrong - Mustangs : 1 - Little Stars : 0.
5:12 of 1st period - Dana Tyrell wins face-off versus Rick Schofield in neutral zone.
5:27 of 1st period - Slapshot by Dana Tyrell.
5:27 of 1st period - Stopped by Peter Mannino with a rebound.
5:43 of 1st period - Snap shot by Sean Avery.
5:43 of 1st period - Stopped by Peter Mannino with a rebound.
5:45 of 1st period - Snap shot by Sean Avery.
5:45 of 1st period - Shot Blocked by Jim O'Brien.
5:47 of 1st period - Snap shot by Sean Avery.
5:47 of 1st period - Shot Misses the Net.
5:59 of 1st period - Reilly Smith is hit by Ty Rattie and loses puck.
6:24 of 1st period - Wrist shot by Marcus Johansson.
6:24 of 1st period - Shot Misses the Net.
6:32 of 1st period - Snap shot by Hugh Jessiman.
6:32 of 1st period - Deflect By Marcus Johansson.
6:32 of 1st period - Stopped by Peter Mannino without a rebound.
6:33 of 1st period - Marcus Foligno wins face-off versus Andrej Nestrasil in Mustangs zone.
7:09 of 1st period - Wrist shot by Reilly Smith.
7:09 of 1st period - Stopped by Peter Budaj with a rebound.
7:19 of 1st period - Wrist shot by Riley Nash.
7:19 of 1st period - Shot Misses the Net.
7:21 of 1st period - Snap shot by Jerome Samson.
7:21 of 1st period - Shot Misses the Net.
7:23 of 1st period - Slapshot by Scott Mayfield.
7:23 of 1st period - Deflect By Raphael Diaz.
7:23 of 1st period - Stopped by Peter Budaj with a rebound.
7:51 of 1st period - Snap shot by Jesse Joensuu.
7:51 of 1st period - Stopped by Peter Mannino with a rebound.
8:13 of 1st period - Snap shot by Sean Avery.
8:13 of 1st period - Goal by Sean Avery - Mustangs : 1 - Little Stars : 1.
8:14 of 1st period - Riley Armstrong wins face-off versus Dana Tyrell in neutral zone.
8:23 of 1st period - Wrist shot by Reilly Smith.
8:23 of 1st period - Shot Misses the Net.
8:45 of 1st period - Slapshot by Raphael Diaz.
8:45 of 1st period - Stopped by Peter Mannino with a rebound.
8:47 of 1st period - Snap shot by Raphael Diaz.
8:47 of 1st period - Deflect By Sean Avery.
8:47 of 1st period - Stopped by Peter Mannino without a rebound.
8:48 of 1st period - Rick Schofield wins face-off versus T.J. Tynan in Mustangs zone.
9:22 of 1st period - Snap shot by Marcus Johansson.
9:22 of 1st period - Shot Misses the Net.
9:46 of 1st period - Snap shot by Tyler Randell.
9:46 of 1st period - Stopped by Peter Mannino without a rebound.
9:47 of 1st period - Andrej Nestrasil wins face-off versus Rick Schofield in Mustangs zone.
11:04 of 1st period - Slapshot by Justin Faulk.
11:04 of 1st period - Stopped by Peter Mannino with a rebound.
11:39 of 1st period - Snap shot by Justin Faulk.
11:39 of 1st period - Stopped by Peter Mannino with a rebound.
11:49 of 1st period - Snap shot by Robert Klinkhammer.
11:49 of 1st period - Shot Misses the Net.
11:51 of 1st period - Slapshot by Justin Faulk.
11:51 of 1st period - Stopped by Peter Mannino with a rebound.
12:12 of 1st period - Wrist shot by Jim O'Brien.
12:12 of 1st period - Shot Blocked by Dana Tyrell.
12:33 of 1st period - Slapshot by Jesse Joensuu.
12:33 of 1st period - Stopped by Peter Mannino without a rebound.
12:34 of 1st period - Sean Avery wins face-off versus Riley Armstrong in Mustangs zone.
12:37 of 1st period - Snap shot by Tyler Randell.
12:37 of 1st period - Shot Misses the Net.
12:47 of 1st period - Slapshot by Andrej Nestrasil.
12:47 of 1st period - Goal by Andrej Nestrasil - Mustangs : 1 - Little Stars : 2.
12:48 of 1st period - Dana Tyrell wins face-off versus Riley Armstrong in neutral zone.
13:01 of 1st period - Backhand shot by Hugh Jessiman.
13:01 of 1st period - Stopped by Peter Mannino with a rebound.
13:13 of 1st period - Denis Bodrov is hit by Tyler Randell and loses puck.
13:42 of 1st period - Snap shot by Jim O'Brien.
13:42 of 1st period - Stopped by Peter Budaj with a rebound.
14:04 of 1st period - Minor Penalty to Oscar Lindberg for Interference.
14:05 of 1st period - Sean Avery wins face-off versus Riley Armstrong in Little Stars zone.
14:05 of 1st period - Sean Avery is hit by Reilly Smith.
14:21 of 1st period - Slapshot by Cameron Gaunce.
14:21 of 1st period - Deflect By Reilly Smith.
14:21 of 1st period - Stopped by Peter Budaj without a rebound.
14:22 of 1st period - Sean Avery wins face-off versus Marcus Foligno in Little Stars zone.
15:47 of 1st period - Danny DeKeiser is hit by Marcus Foligno and loses puck.
16:04 of 1st period - Penalty to Oscar Lindberg is over, Oscar Lindberg is back on ice.
16:14 of 1st period - Cameron Gaunce is hit by Conor Allen and loses puck.
18:16 of 1st period - Snap shot by Jesse Joensuu.
18:16 of 1st period - Shot Misses the Net.
18:18 of 1st period - Slapshot by Danny DeKeiser.
18:18 of 1st period - Shot Misses the Net.
18:20 of 1st period - Slapshot by Tom Kuhnhackl.
18:20 of 1st period - Shot Blocked by Joe Finley.
19:37 of 1st period - Snap shot by Jerome Samson.
19:37 of 1st period - Stopped by Peter Budaj with a rebound.
Goals for this period are 1 for Mustangs vs 2 for Little Stars.
Shots for this period are 11 for Mustangs vs 21 for Little Stars.
2nd period
0:01 of 2nd period - Eric Wellwood wins face-off versus Dana Tyrell in neutral zone.
0:11 of 2nd period - Snap shot by Reilly Smith.
0:11 of 2nd period - Stopped by Peter Budaj with a rebound.
0:13 of 2nd period - Snap shot by Riley Armstrong.
0:13 of 2nd period - Shot Misses the Net.
0:15 of 2nd period - Snap shot by Cameron Gaunce.
0:15 of 2nd period - Stopped by Peter Budaj with a rebound.
1:42 of 2nd period - Wrist shot by Robert Klinkhammer.
1:42 of 2nd period - Shot Blocked by Jim O'Brien.
2:01 of 2nd period - Off-side.
2:02 of 2nd period - Rick Schofield wins face-off versus Andrej Nestrasil in neutral zone.
2:05 of 2nd period - Sean Avery is hit by Scott Mayfield and loses puck.
2:21 of 2nd period - Off-side.
2:22 of 2nd period - Dana Tyrell wins face-off versus Riley Armstrong in neutral zone.
2:37 of 2nd period - Slapshot by Marcus Johansson.
2:37 of 2nd period - Shot Blocked by Denis Bodrov.
2:50 of 2nd period - Off-side.
2:51 of 2nd period - Andrej Nestrasil wins face-off versus Rick Schofield in neutral zone.
3:22 of 2nd period - Reilly Smith is hit by Dana Tyrell and loses puck.
4:29 of 2nd period - Wrist shot by Ryan Keller.
4:29 of 2nd period - Deflect By Marcus Foligno.
4:29 of 2nd period - Shot Blocked by Niklas Hjalmarsson.
4:29 of 2nd period - Puck is out of play.
4:30 of 2nd period - Dana Tyrell wins face-off versus Rick Schofield in Little Stars zone.
5:06 of 2nd period - Snap shot by Ryan Keller.
5:06 of 2nd period - Shot Misses the Net.
5:24 of 2nd period - Off-side.
5:25 of 2nd period - Riley Armstrong wins face-off versus Andrej Nestrasil in neutral zone.
5:30 of 2nd period - Wrist shot by Eric Wellwood.
5:30 of 2nd period - Stopped by Peter Budaj with a rebound.
5:46 of 2nd period - Minor Penalty to Andrej Nestrasil for High sticking.
5:47 of 2nd period - Eric Wellwood wins face-off versus Marcus Johansson in Little Stars zone.
5:52 of 2nd period - Snap shot by Reilly Smith.
5:52 of 2nd period - Stopped by Peter Budaj without a rebound.
5:53 of 2nd period - Riley Armstrong wins face-off versus Sean Avery in Little Stars zone.
6:00 of 2nd period - Snap shot by Riley Armstrong.
6:00 of 2nd period - Stopped by Peter Budaj with a rebound.
6:39 of 2nd period - Off-side.
6:40 of 2nd period - Hugh Jessiman wins face-off versus Riley Armstrong in neutral zone.
6:47 of 2nd period - Wrist shot by Hugh Jessiman.
6:47 of 2nd period - Stopped by Peter Mannino with a rebound.
6:49 of 2nd period - Slapshot by Niklas Hjalmarsson.
6:49 of 2nd period - Shot Blocked by Eric Wellwood.
6:51 of 2nd period - Backhand shot by Hugh Jessiman.
6:51 of 2nd period - Shot Misses the Net.
7:46 of 2nd period - Penalty to Andrej Nestrasil is over, Andrej Nestrasil is back on ice.
7:47 of 2nd period - Slapshot by Jesse Joensuu.
7:47 of 2nd period - Shot Misses the Net.
8:14 of 2nd period - Wrist shot by Jesse Joensuu.
8:14 of 2nd period - Deflect By Andrej Nestrasil.
8:14 of 2nd period - Stopped by Peter Mannino with a rebound.
8:18 of 2nd period - Slapshot by Jesse Joensuu.
8:18 of 2nd period - Shot Misses the Net.
8:20 of 2nd period - Snap shot by Hugh Jessiman.
8:20 of 2nd period - Shot Blocked by Cameron Gaunce.
8:22 of 2nd period - Slapshot by Hugh Jessiman.
8:22 of 2nd period - Stopped by Peter Mannino without a rebound.
8:23 of 2nd period - Rick Schofield wins face-off versus Oscar Lindberg in Mustangs zone.
8:30 of 2nd period - Snap shot by Rick Schofield.
8:30 of 2nd period - Shot Misses the Net.
9:17 of 2nd period - Slapshot by Alexei Marchenko.
9:17 of 2nd period - Deflect By Riley Armstrong.
9:17 of 2nd period - Stopped by Peter Budaj with a rebound.
10:45 of 2nd period - Snap shot by Riley Nash.
10:45 of 2nd period - Stopped by Peter Budaj with a rebound.
10:56 of 2nd period - Niklas Hjalmarsson is hit by Riley Nash.
11:09 of 2nd period - Minor Penalty to Tom Kuhnhackl for High sticking.
11:10 of 2nd period - Riley Armstrong wins face-off versus Sean Avery in Little Stars zone.
11:20 of 2nd period - Wrist shot by Marcus Johansson.
11:20 of 2nd period - Stopped by Peter Mannino with a rebound.
11:36 of 2nd period - Jared Spurgeon is hit by Ryan Keller and loses puck.
11:49 of 2nd period - Jesse Joensuu is hit by Rick Schofield and loses puck.
12:02 of 2nd period - Minor Penalty to Reilly Smith for Hooking.
12:03 of 2nd period - Sean Avery wins face-off versus Riley Armstrong in Mustangs zone.
12:04 of 2nd period - Wrist shot by Marcus Johansson.
12:04 of 2nd period - Deflect By Sean Avery.
12:04 of 2nd period - Stopped by Peter Mannino without a rebound.
12:05 of 2nd period - Riley Armstrong wins face-off versus Sean Avery in Mustangs zone.
13:09 of 2nd period - Penalty to Tom Kuhnhackl is over, Tom Kuhnhackl is back on ice.
14:02 of 2nd period - Penalty to Reilly Smith is over, Reilly Smith is back on ice.
14:38 of 2nd period - Slapshot by Jesse Joensuu.
14:38 of 2nd period - Shot Blocked by Alexei Marchenko.
15:02 of 2nd period - Icing by Tyler Wotherspoon.
15:03 of 2nd period - Riley Nash wins face-off versus Oscar Lindberg in Little Stars zone.
15:30 of 2nd period - Dana Tyrell is hit by Cameron Gaunce and loses puck.
15:59 of 2nd period - Wrist shot by Tyler Randell.
15:59 of 2nd period - Stopped by Peter Mannino without a rebound.
16:00 of 2nd period - Riley Armstrong wins face-off versus Andrej Nestrasil in Mustangs zone.
16:00 of 2nd period - Riley Armstrong is hit by Tyler Wotherspoon.
16:10 of 2nd period - Snap shot by Riley Armstrong.
16:10 of 2nd period - Deflect By Reilly Smith.
16:10 of 2nd period - Stopped by Peter Budaj with a rebound.
16:12 of 2nd period - Wrist shot by Eric Wellwood.
16:12 of 2nd period - Shot Blocked by Conor Allen.
16:14 of 2nd period - Snap shot by Reilly Smith.
16:14 of 2nd period - Shot Blocked by Tyler Randell.
16:16 of 2nd period - Wrist shot by Eric Wellwood.
16:16 of 2nd period - Stopped by Peter Budaj with a rebound.
16:48 of 2nd period - Niklas Hjalmarsson is hit by Scott Mayfield.
17:23 of 2nd period - Wrist shot by Robert Klinkhammer.
17:23 of 2nd period - Stopped by Peter Mannino without a rebound.
17:24 of 2nd period - Rick Schofield wins face-off versus Dana Tyrell in Mustangs zone.
17:35 of 2nd period - Denis Bodrov is hit by Hugh Jessiman and loses puck.
18:29 of 2nd period - Snap shot by T.J. Tynan.
18:29 of 2nd period - Shot Misses the Net.
18:38 of 2nd period - Off-side.
18:39 of 2nd period - Oscar Lindberg wins face-off versus Riley Nash in neutral zone.
18:42 of 2nd period - Slapshot by Niklas Hjalmarsson.
18:42 of 2nd period - Shot Misses the Net.
18:53 of 2nd period - Wrist shot by Jerome Samson.
18:53 of 2nd period - Stopped by Peter Budaj with a rebound.
19:35 of 2nd period - Snap shot by Ryan Keller.
19:35 of 2nd period - Stopped by Peter Budaj with a rebound.
19:49 of 2nd period - T.J. Tynan is hit by Brandon Saad and loses puck.
Goals for this period are 0 for Mustangs vs 0 for Little Stars.
Shots for this period are 11 for Mustangs vs 7 for Little Stars.
3rd period
0:01 of 3rd period - Dana Tyrell wins face-off versus Riley Armstrong in neutral zone.
0:34 of 3rd period - Wrist shot by Ryan Keller.
0:34 of 3rd period - Stopped by Peter Budaj with a rebound.
0:38 of 3rd period - Snap shot by Ryan Keller.
0:38 of 3rd period - Stopped by Peter Budaj with a rebound.
1:08 of 3rd period - Danny DeKeiser is hit by Mark Pysyk and loses puck.
1:35 of 3rd period - Snap shot by Eric Wellwood.
1:35 of 3rd period - Shot Misses the Net.
1:37 of 3rd period - Snap shot by Mark Pysyk.
1:37 of 3rd period - Shot Misses the Net.
2:07 of 3rd period - Slapshot by Jesse Joensuu.
2:07 of 3rd period - Stopped by Peter Mannino with a rebound.
3:14 of 3rd period - Danny DeKeiser is hit by Mark Pysyk and loses puck.
3:19 of 3rd period - Snap shot by Ryan Keller.
3:19 of 3rd period - Shot Misses the Net.
3:21 of 3rd period - Snap shot by Marcus Foligno.
3:21 of 3rd period - Shot Misses the Net.
4:11 of 3rd period - Niklas Hjalmarsson is hit by Scott Mayfield and loses puck.
4:16 of 3rd period - Snap shot by Jerome Samson.
4:16 of 3rd period - Shot Blocked by Raphael Diaz.
4:18 of 3rd period - Wrist shot by Jerome Samson.
4:18 of 3rd period - Shot Misses the Net.
4:34 of 3rd period - Jesse Joensuu is hit by Ryan Keller and loses puck.
5:17 of 3rd period - Slapshot by Hugh Jessiman.
5:17 of 3rd period - Stopped by Peter Mannino with a rebound.
5:33 of 3rd period - Conor Allen is hit by Rick Schofield and loses puck.
6:18 of 3rd period - Snap shot by Brandon Saad.
6:18 of 3rd period - Stopped by Peter Budaj with a rebound.
7:02 of 3rd period - Backhand shot by Robert Klinkhammer.
7:02 of 3rd period - Stopped by Peter Mannino with a rebound.
7:06 of 3rd period - Slapshot by Oscar Lindberg.
7:06 of 3rd period - Stopped by Peter Mannino with a rebound.
7:22 of 3rd period - Wrist shot by Reilly Smith.
7:22 of 3rd period - Stopped by Peter Budaj without a rebound.
7:23 of 3rd period - Riley Armstrong wins face-off versus Dana Tyrell in Little Stars zone.
7:48 of 3rd period - Sean Avery is hit by Brandon Saad and loses puck.
8:21 of 3rd period - Oscar Lindberg is hit by Scott Mayfield and loses puck.
8:37 of 3rd period - Off-side.
8:38 of 3rd period - Riley Armstrong wins face-off versus T.J. Tynan in neutral zone.
8:42 of 3rd period - Minor Penalty to Jesse Joensuu for Interference.
8:43 of 3rd period - Riley Armstrong wins face-off versus Sean Avery in Little Stars zone.
8:56 of 3rd period - Wrist shot by Reilly Smith.
8:56 of 3rd period - Shot Misses the Net.
9:11 of 3rd period - Icing by Rick Schofield.
9:12 of 3rd period - Sean Avery wins face-off versus Rick Schofield in Mustangs zone.
9:25 of 3rd period - Danny DeKeiser is hit by Cameron Gaunce and loses puck.
9:53 of 3rd period - Icing by Alexei Marchenko.
9:54 of 3rd period - Ryan Keller wins face-off versus Sean Avery in Mustangs zone.
10:13 of 3rd period - Wrist shot by Ryan Keller.
10:13 of 3rd period - Goal by Ryan Keller - Mustangs : 2 - Little Stars : 2.
10:14 of 3rd period - Marcus Johansson wins face-off versus Riley Armstrong in neutral zone.
10:23 of 3rd period - Snap shot by Marcus Johansson.
10:23 of 3rd period - Stopped by Peter Mannino with a rebound.
10:43 of 3rd period - Minor Penalty to Andrej Nestrasil for Hooking.
10:44 of 3rd period - Reilly Smith wins face-off versus Sean Avery in Little Stars zone.
10:47 of 3rd period - Minor Penalty to Cameron Gaunce for Roughing.
10:48 of 3rd period - Riley Armstrong wins face-off versus Sean Avery in Mustangs zone.
10:54 of 3rd period - Slapshot by Denis Bodrov.
10:54 of 3rd period - Deflect By Reilly Smith.
10:54 of 3rd period - Stopped by Peter Budaj without a rebound.
10:55 of 3rd period - Sean Avery wins face-off versus Riley Armstrong in Little Stars zone.
11:08 of 3rd period - Snap shot by Marcus Johansson.
11:08 of 3rd period - Deflect By Sean Avery.
11:08 of 3rd period - Stopped by Peter Mannino with a rebound.
11:10 of 3rd period - Slapshot by Niklas Hjalmarsson.
11:10 of 3rd period - Shot Blocked by Denis Bodrov.
11:44 of 3rd period - Alexei Marchenko is hit by Marcus Johansson and loses puck.
11:57 of 3rd period - Ryan Keller is hit by Jared Spurgeon and loses puck.
12:43 of 3rd period - Penalty to Andrej Nestrasil is over, Andrej Nestrasil is back on ice.
12:47 of 3rd period - Penalty to Cameron Gaunce is over, Cameron Gaunce is back on ice.
12:48 of 3rd period - Icing by Alexei Marchenko.
12:49 of 3rd period - Dana Tyrell wins face-off versus Eric Wellwood in Mustangs zone.
12:50 of 3rd period - Snap shot by Hugh Jessiman.
12:50 of 3rd period - Shot Misses the Net.
12:55 of 3rd period - Off-side.
12:56 of 3rd period - Rick Schofield wins face-off versus Dana Tyrell in neutral zone.
13:19 of 3rd period - Justin Faulk is hit by Scott Mayfield and loses puck.
14:00 of 3rd period - Slapshot by Jerome Samson.
14:00 of 3rd period - Stopped by Peter Budaj without a rebound.
14:01 of 3rd period - Riley Nash wins face-off versus Oscar Lindberg in Little Stars zone.
14:04 of 3rd period - Wrist shot by Riley Nash.
14:04 of 3rd period - Shot Misses the Net.
14:10 of 3rd period - Wrist shot by Jerome Samson.
14:10 of 3rd period - Shot Misses the Net.
14:20 of 3rd period - Riley Nash is hit by Robert Klinkhammer.
14:31 of 3rd period - Off-side.
14:32 of 3rd period - Riley Armstrong wins face-off versus Dana Tyrell in neutral zone.
14:47 of 3rd period - Slapshot by Niklas Hjalmarsson.
14:47 of 3rd period - Stopped by Peter Mannino with a rebound.
14:57 of 3rd period - Backhand shot by Raphael Diaz.
14:57 of 3rd period - Stopped by Peter Mannino with a rebound.
14:59 of 3rd period - Wrist shot by Jesse Joensuu.
14:59 of 3rd period - Shot Misses the Net.
15:01 of 3rd period - Slapshot by Tom Kuhnhackl.
15:01 of 3rd period - Stopped by Peter Mannino with a rebound.
15:05 of 3rd period - Slapshot by Raphael Diaz.
15:05 of 3rd period - Stopped by Peter Mannino with a rebound.
15:07 of 3rd period - Wrist shot by Tom Kuhnhackl.
15:07 of 3rd period - Stopped by Peter Mannino with a rebound.
15:47 of 3rd period - Snap shot by Reilly Smith.
15:47 of 3rd period - Stopped by Peter Budaj without a rebound.
15:48 of 3rd period - Dana Tyrell wins face-off versus Jim O'Brien in Little Stars zone.
16:48 of 3rd period - Snap shot by Riley Nash.
16:48 of 3rd period - Stopped by Peter Budaj with a rebound.
17:00 of 3rd period - Backhand shot by J.T. Wyman.
17:00 of 3rd period - Shot Blocked by Marcus Johansson.
17:02 of 3rd period - Wrist shot by Scott Mayfield.
17:02 of 3rd period - Shot Blocked by Marcus Johansson.
17:04 of 3rd period - Snap shot by Brandon Saad.
17:04 of 3rd period - Stopped by Peter Budaj without a rebound.
17:05 of 3rd period - Hugh Jessiman wins face-off versus Jim O'Brien in Little Stars zone.
17:12 of 3rd period - Snap shot by Dana Tyrell.
17:12 of 3rd period - Stopped by Peter Mannino without a rebound.
17:13 of 3rd period - Jim O'Brien wins face-off versus Dana Tyrell in Mustangs zone.
17:20 of 3rd period - Snap shot by Jim O'Brien.
17:20 of 3rd period - Shot Blocked by Justin Faulk.
17:22 of 3rd period - Slapshot by Denis Bodrov.
17:22 of 3rd period - Shot Blocked by Justin Faulk.
17:24 of 3rd period - Wrist shot by Jim O'Brien.
17:24 of 3rd period - Shot Misses the Net.
18:00 of 3rd period - Snap shot by Raphael Diaz.
18:00 of 3rd period - Shot Blocked by Riley Armstrong.
18:06 of 3rd period - Snap shot by Eric Wellwood.
18:06 of 3rd period - Stopped by Peter Budaj without a rebound.
18:07 of 3rd period - Jim O'Brien wins face-off versus Andrej Nestrasil in Little Stars zone.
18:14 of 3rd period - Wrist shot by Jim O'Brien.
18:14 of 3rd period - Shot Misses the Net.
18:16 of 3rd period - Slapshot by Jim O'Brien.
18:16 of 3rd period - Stopped by Peter Budaj without a rebound.
18:17 of 3rd period - T.J. Tynan wins face-off versus Jim O'Brien in Little Stars zone.
18:17 of 3rd period - T.J. Tynan is hit by Jim O'Brien.
18:22 of 3rd period - Off-side.
18:23 of 3rd period - J.T. Wyman wins face-off versus T.J. Tynan in neutral zone.
18:39 of 3rd period - Minor Penalty to Brandon Saad for Elbowing.
18:40 of 3rd period - Riley Armstrong wins face-off versus Dana Tyrell in Mustangs zone.
18:50 of 3rd period - Slapshot by Dana Tyrell.
18:50 of 3rd period - Stopped by Peter Mannino without a rebound.
18:51 of 3rd period - Dana Tyrell wins face-off versus Riley Armstrong in Mustangs zone.
19:16 of 3rd period - Riley Armstrong is hit by Andrej Nestrasil and loses puck.
Goals for this period are 1 for Mustangs vs 0 for Little Stars.
Shots for this period are 12 for Mustangs vs 13 for Little Stars.
Overtime #1
0:01 of 1st overtime period - Eric Wellwood wins face-off versus Sean Avery in neutral zone.
0:04 of 1st overtime period - Slapshot by Cameron Gaunce.
0:04 of 1st overtime period - Deflect By Eric Wellwood.
0:04 of 1st overtime period - Shot Misses the Net.
0:04 of 1st overtime period - Puck is out of play.
0:05 of 1st overtime period - Sean Avery wins face-off versus Eric Wellwood in Little Stars zone.
0:39 of 1st overtime period - Penalty to Brandon Saad is over, Brandon Saad is back on ice.
2:50 of 1st overtime period - Scott Harrington is hit by Ryan Keller.
2:59 of 1st overtime period - Rick Schofield is hit by Justin Faulk.
3:55 of 1st overtime period - Brandon Saad is hit by Petter Granberg and loses puck.
4:19 of 1st overtime period - Snap shot by Jesse Joensuu.
4:19 of 1st overtime period - Stopped by Peter Mannino with a rebound.
4:48 of 1st overtime period - Mark Pysyk is hit by Raphael Diaz and loses puck.
Goals for this period are 0 for Mustangs vs 0 for Little Stars.
Shots for this period are 0 for Mustangs vs 1 for Little Stars.
ShootOut
5:00 of 1st overtime period - Penalty Shot by Brandon Saad for Mustangs.
5:00 of 1st overtime period - Snap shot by Brandon Saad.
5:00 of 1st overtime period - Goal by Brandon Saad.
5:00 of 1st overtime period - Penalty Shot by Sean Avery for Little Stars.
5:00 of 1st overtime period - Wrist shot by Sean Avery.
5:00 of 1st overtime period - Shot Misses the Net.
5:00 of 1st overtime period - Penalty Shot by Reilly Smith for Mustangs.
5:00 of 1st overtime period - Snap shot by Reilly Smith.
5:00 of 1st overtime period - Stopped by Peter Budaj.
5:00 of 1st overtime period - Penalty Shot by Marcus Johansson for Little Stars.
5:00 of 1st overtime period - Wrist shot by Marcus Johansson.
5:00 of 1st overtime period - Goal by Marcus Johansson.
5:00 of 1st overtime period - Penalty Shot by Marcus Foligno for Mustangs.
5:00 of 1st overtime period - Backhand shot by Marcus Foligno.
5:00 of 1st overtime period - Stopped by Peter Budaj.
5:00 of 1st overtime period - Penalty Shot by Hugh Jessiman for Little Stars.
5:00 of 1st overtime period - Snap shot by Hugh Jessiman.
5:00 of 1st overtime period - Stopped by Peter Mannino.
5:00 of 1st overtime period - Penalty Shot by Eric Wellwood for Mustangs.
5:00 of 1st overtime period - Backhand shot by Eric Wellwood.
5:00 of 1st overtime period - Stopped by Peter Budaj.
5:00 of 1st overtime period - Penalty Shot by Jesse Joensuu for Little Stars.
5:00 of 1st overtime period - Backhand shot by Jesse Joensuu.
5:00 of 1st overtime period - Goal by Jesse Joensuu.
Back to the Top